 Dungeon Crawl Stone Soup version 0.28-a0-305-g9e858e973b (webtiles) character file.

Game seed: 11977969743088610135

50 timneilson the Shield-Bearer (level 3, 0/23 HPs)
             Began as a Gargoyle Fighter on Aug 30, 2021.
             Slain by a hobgoblin (4 damage)
             ... on level 2 of the Dungeon.
             The game lasted 00:01:27 (1181 turns).

timneilson the Shield-Bearer (Gargoyle Fighter)     Turns: 1181, Time: 00:01:28

Health: 0/23       AC: 10    Str: 20    XL:     3   Next: 79%
Magic:  3/3        EV:  7    Int:  8    God:
Gold:   32         SH:  8    Dex:  9    Spells: 2/2 levels left

rFire   . . .      SeeInvis .   a - +0 long sword
rCold   . . .      Faith    .   c - +0 kite shield
rNeg    + . .      Spirit   .   b - +0 scale mail
rPois   ∞          Reflect  .   (no helmet)
rElec   +          Harm     .   (no cloak)
rCorr   .          Rampage  .   (no gloves)
Will    .....                   (no boots)
Stlth   ..........              (no amulet)
HPRegen 0.07/turn               (no ring)
MPRegen 0.08/turn               (no ring)

@: no status effects
A: sickness immunity, AC +3, negative energy resistance 1, electricity
resistance, torment resistance 1, petrification resistance
a: no special abilities


You were on level 2 of the Dungeon.
You visited 1 branch of the dungeon, and saw 2 of its levels.

You collected 32 gold pieces.

Inventory:

Hand Weapons
 a - a +0 long sword (weapon)
Armour
 b - a +0 scale mail (worn)
 c - a +0 kite shield (worn)
Potions
 d - a potion of might


   Skills:
 + Level 3.5 Fighting
 * Level 2.3 Long Blades
 * Level 3.9 Armour
 * Level 4.0 Shields


You had 2 spell levels left.
You didn't know any spells.
Your spell library was empty.

Dungeon Overview and Level Annotations

Branches:
Dungeon (2/15)

Altars:


Innate Abilities, Weirdness & Mutations

You are immune to sickness and miasma.
Your stone body is resilient. (AC +3)
You are immune to poison.
You resist negative energy. (rN+)
You are resistant to electric shocks. (rElec)
You are resistant to unholy torment.
You are immune to petrification.


Message History

You block the quokka's attack.
You miss the quokka.
The quokka is severely wounded.
The quokka closely misses you. The quokka misses you.
You barely miss the quokka.
The quokka is heavily wounded.
You block the quokka's attack. x2
You closely miss the quokka.
The quokka is heavily wounded.
The quokka bites you.
* * * LOW HITPOINT WARNING * * *
You block the quokka's attack.
You hit the quokka but do no damage.
The quokka is heavily wounded.
The quokka barely misses you.
The quokka bites you but does no damage.
You hit the quokka.
The quokka is severely wounded.
The quokka bites you.
* * * LOW HITPOINT WARNING * * *
You barely miss the quokka.
The quokka is severely wounded.
The quokka bites you but does no damage.
You block the quokka's attack.
You barely miss the quokka.
The quokka is severely wounded.
The quokka barely misses you. You block the quokka's attack.
You barely miss the quokka.
The quokka is severely wounded.
The quokka barely misses you. You block the quokka's attack.
You slash the quokka!
You kill the quokka!
You closely miss the hobgoblin. The hobgoblin closely misses you.
You block the hobgoblin's attack.
Your shield and scale mail prevent you from hitting the hobgoblin.
You block the hobgoblin's attack.
You hit the hobgoblin.
The hobgoblin is almost dead.
The hobgoblin hits you with a +0 dagger.
You die...

..# # # ..#
#..#.####.####..#
#...............# .
#.......# ...
....#...#.####.....
. #.#.#..........
.'.#.##g##...###
...# #.##@##...#
.... #.##..#...#
..# ..###.#...# ##
########.....#
.............#
#########....#
##...#######
#.........#
#...#####.#


You could see a hobgoblin.

Vanquished Creatures
  2 adders (D:2)
  3 dart slugs
  A bat (D:1)
  An endoplasm (D:1)
  3 giant cockroaches (D:1)
  2 goblins (D:1)
  A hobgoblin (D:1)
  2 jackals (D:1)
  2 quokkas
  3 ball pythons
  2 frilled lizards
  3 kobolds (D:1)
  2 rats
27 creatures vanquished.

Notes
Turn   | Place    | Note
-------+----------+-------------------------------------------
     0 | D:1      | timneilson the Gargoyle Fighter began the quest for the
                  | Orb.
     0 | D:1      | Reached XP level 1. HP: 14/14 MP: 1/1
   220 | D:1      | Reached XP level 2. HP: 17/19 MP: 2/2
   558 | D:1      | Reached XP level 3. HP: 23/23 MP: 3/3
  1136 | D:2      | Reached skill level 4 in Shields
  1181 | D:2      | Slain by a hobgoblin

Illustrated notes

Levels and vault maps discovered:
D:1:      tarquinn_simple_flora_water_b, layout_loops_ring
D:2:      layout_basic, eino_tiny_chamber

Skill      XL: |  1  2  3 |
---------------+----------+-----
Long Blades    | 2 |  2.3
Shields        | 4 |  4.0
Fighting       | |  3.5
Armour         | |  3.9

Action                   || total
-------------------------++-------
Melee: Long sword        ||   111
  Use: Scroll            ||     2
Armor: Scale mail        ||    68
Dodge: Dodged            ||    39
Block: Kite shield       ||    71

Table legend: (Time is in decaauts)
 A = Elapsed time spent in this place.
 B = Non-inter-level travel time spent in this place.
 C = Inter-level travel time spent in this place.
 D = Time resting spent in this place.
 E = Time spent auto-exploring this place.
 F = Levels seen in this place.
 G = Mean time per level.
                   A        B        C        D        E       F      G
               +--------+--------+--------+--------+--------+-----+--------+
         Total |   1239 |   1210 |     29 |      0 |    956 |   2 |  619.5 |
       Dungeon |   1239 |   1210 |     29 |      0 |    956 |   2 |  619.5 |
               +--------+--------+--------+--------+--------+-----+--------+

Top non-repeatable levels by time:
     D:1: 1014 daAuts
     D:2: 224 daAuts
